 Dungeon Crawl Stone Soup version 0.31.0-32-g396128a36d (webtiles) character file.

Game seed: 8063518564138429974

67 FexLirch the Grasshopper (level 4, -3/34 HPs)
             Began as a Formicid Warper on Mar 15, 2024.
             Killed from afar by Natasha (5 damage)
             ... with a magic dart
             ... on level 2 of the Dungeon.
             The game lasted 00:02:41 (1197 turns).

FexLirch the Grasshopper (Formicid Warper)          Turns: 1197, Time: 00:02:42

Health: -3/34      AC:  3    Str: 15    XL:     4   Next: 38%
Magic:  7/7        EV: 12    Int: 15    God:
Gold:   36         SH:  0    Dex: 13    Spells: 5/7 levels left

rFire   . . .        a - +0 mace
rCold   . . .        (no shield)
rNeg    . . .        b - +0 leather armour
rPois   .            (helmet unavailable)
rElec   .            (no cloak)
rCorr   .            (no gloves)
SInv    +            (no boots)
Will    .....        (no amulet)
Stlth   +            (no ring)
HPRegen 0.25/turn    (no ring)
MPRegen 0.10/turn

%: no passive effects
@: no status effects
A: permanent stasis, dig shafts and tunnels, antennae 3, four strong arms
a: Dig, Shaft Self


You were on level 2 of the Dungeon.
You visited 1 branch of the dungeon, and saw 2 of its levels.

You collected 36 gold pieces.

Inventory:

Hand Weapons
 a - a +0 mace (weapon)
Missiles
 c - 7 darts of dispersal
 e - 16 stones (quivered)
 h - 3 curare-tipped darts
Armour
 b - a +0 leather armour (worn)
Jewellery
 j - a +6 ring of intelligence
Scrolls
 d - 2 scrolls of revelation {unknown}
 f - a scroll of teleportation {unknown}
 g - a scroll of poison {unknown}
 i - a scroll of noise {unknown}
 k - 3 scrolls of identify {unknown}
 l - a scroll of enchant armour {unknown}
 m - a scroll of brand weapon {unknown}
Potions
 n - a potion of cancellation {unknown}


   Skills:
 + Level 2.7 Fighting
 * Level 2.9 Maces & Flails
 - Level 1.0 Throwing
 + Level 2.0 Armour
 + Level 2.2 Dodging
 - Level 2.1 Spellcasting
 + Level 3.0 Translocations


You had 5 spell levels left.
You knew the following spells:

 Your Spells              Type           Power      Damage    Failure   Level
a - Lesser Beckoning      Tloc           20%        N/A       12%         2

Your spell library contained the following spells:

 Spells                   Type           Power      Damage    Failure   Level
 Apportation              Tloc           20%        N/A       8%          1
 Teleport Other           Tloc           10%        N/A       22%         3
 Jinxbite                 Hex            2%         N/A       38%         2
 Volatile Blastmotes      Fire/Tloc      12%        2d11      38%         3
 Manifold Assault         Tloc           10%        N/A       58%         4
 Dazzling Flash           Conj/Hex       2%         N/A       63%         3
 Alistair's Intoxication  Alch           0%         N/A       100%        5
 Starburst                Conj/Fire      0%         6d3       100%        6
 Maxwell's Capacitive Co  Air            0%         ∞         100%        8
 Blink                    Tloc           Unusable   N/A       N/A         2
 Vhi's Electric Charge    Tloc/Air       Unusable   N/A       N/A         4

Dungeon Overview and Level Annotations

Branches:
Dungeon (2/15)

Altars:

Annotations:
D:2 Natasha


Innate Abilities, Weirdness & Mutations

You cannot be hasted, slowed, berserked, paralysed or teleported.
You can dig through walls and to a lower floor.
You have a pair of large antennae on your head. (SInv)
Your four strong arms can wield two-handed weapons with a shield.


Message History

Natasha is heavily wounded.
The cerulean imp closely misses you. Natasha barely misses you.
You hit Natasha but do no damage.
Natasha is heavily wounded.
The cerulean imp hits you from afar with a +1 spear.
Natasha claws you but does no damage. The cerulean imp misses you.
You barely miss Natasha.
Natasha is heavily wounded.
Natasha closely misses you. The cerulean imp misses you.
You closely miss Natasha.
Natasha is heavily wounded.
Natasha mumbles some strange words.
The cerulean imp hits you from afar with a +1 spear.
Natasha misses you.
You closely miss Natasha.
Natasha is heavily wounded.
The cerulean imp hits you from afar with a +1 spear.
Natasha claws you!
* * * LOW HITPOINT WARNING * * *
The cerulean imp misses you.
Okay, then.
Unknown command.
Okay, then.
Unknown command.
Unknown command.
Casting: Lesser Beckoning (safe; 12% risk of failure)
Confirm with . or Enter, or press ? or * to list all spells.
Okay, then.
Unknown command.
Unknown command.
Okay, then.
Unknown command.
The cerulean imp hits you from afar with a +1 spear.
* * * LOW HITPOINT WARNING * * *
Natasha mumbles some strange words.
Natasha glows brightly for a moment.
Natasha stares at you and mumbles some strange words.
The magic dart hits you.
You die...
Natasha begins licking her fur clean.

####### #....# ♣♣♣....♣♣
#.....# ####.## ##♣♣♣♣♣♣
#.....######..##.####
#....................
#.....#######....###.
#.....## #..### .......#
#...# .......# ##.#.##
.......###....#.@#
#..........#...#h...#
.......#####.#..5.5..?..
........####.##.(......#
.............##.###.#..#
.......#........ ..,..
......##..#....# .. .
............### #..
.....##.##...


You could see Natasha and 2 cerulean imps.

Vanquished Creatures
  An orc wizard (D:2)
  An adder (D:2)
  A ribbon worm (D:2)
  2 orcs (D:2)
  3 ball pythons
  4 endoplasms
  A giant cockroach (D:1)
  2 goblins (D:1)
  2 hobgoblins
  2 quokkas (D:1)
  4 frilled lizards (D:1)
  5 kobolds (D:1)
  4 rats
32 creatures vanquished.

Notes
Turn   | Place    | Note
-------+----------+-------------------------------------------
     0 | D:1      | FexLirch the Formicid Warper began the quest for the Orb.
     0 | D:1      | Reached XP level 1. HP: 16/16 MP: 3/3
   149 | D:1      | Reached XP level 2. HP: 22/22 MP: 5/5
   152 | D:1      | Learned a level 2 spell: Lesser Beckoning
   623 | D:1      | Reached XP level 3. HP: 20/28 MP: 6/6
   918 | D:2      | Reached skill level 3 in Translocations
   919 | D:2      | Reached XP level 4. HP: 15/34 MP: 7/7
  1183 | D:2      | Noticed Natasha
  1197 | D:2      | Killed from afar by Natasha

Illustrated notes

Levels and vault maps discovered:
D:1:      nzn_arrival_water_spiral, layout_loops_corners,
          minmay_misc_feat_plants
D:2:      layout_rooms, kennysheep_potato, uniq_natasha

Skill      XL: |  1  2  3  4 |
---------------+-------------+-----
Dodging        | 2 |  2.2
Translocations | 3 |  3.0
Armour         | 2 |  2.0
Fighting       | |  2.7
Maces & Flails | |  2.9
Throwing       | |  1.0
Spellcasting   | |  2.1

Action                     |  1- 3 |  4- 6 || total
---------------------------+-------+-------++-------
  Melee: Mace              |    58 |    27 ||    85
  Throw: Stone             |     4 |     9 ||    13
Ability: Shaft Self        |       |     1 ||     1
 Armour: Leather armour    |    44 |    20 ||    64
  Dodge: Dodged            |    41 |    22 ||    63
